Map: Abyssal Reef LE

Players

FiteSumCrime - Winner!

  • Race: Protoss Protoss
  • League: Grandmaster
  • Spawn Location: 11:00

Jinn

  • Race: Terran Terran
  • League: Grandmaster
  • Spawn Location: 5:00

Event: HopeTL

VOD

https://www.youtube.com/watch?v=fIOJgj8wW98&list=PL9QsjkBYtQM7NVZEDVfaNugqO61aBOlm6&index=1

Description

Time

  • Played on: Sept. 30, 2017, 7:14 p.m.
  • Length: 7:10
Show
View Real Time Build Order
Export as new Build Order

FiteSumCrime Protoss - Winner!

Build Orders: 1 Gate Expand, Blink Stalkers 

Get SALT Encoding   

  12  0:01  Probe (Chrono Boost)  
  13  0:12  Probe (Chrono Boost)  
  14  0:18  Pylon  
  14  0:23  Probe (Chrono Boost)  
  15  0:36  Probe (Chrono Boost)  
  15  0:37  Gateway  
  15  0:42  Assimilator  
  16  0:46  Probe (Chrono Boost)  
  18  0:57  Probe (Chrono Boost)  
  18  1:07  Probe (Chrono Boost)  
  19  1:20  Nexus  
  19  1:22  Probe (Chrono Boost)  
  20  1:33  Cybernetics Core  
  20  1:36  Probe (Chrono Boost)  
  21  1:41  Assimilator  
  21  1:47  Probe (Chrono Boost)  
  22  1:51  Pylon  
  22  1:57  Probe (Chrono Boost)  
  23  2:10  Mothership Core (Chrono Boost)  
  23  2:12  Warp Gate  
  25  2:19  Stalker (Chrono Boost)  
  27  2:28  Probe (Chrono Boost)  
  28  2:30  Probe  
  29  2:39  Twilight Council  
  29  2:40  Probe (Chrono Boost)  
  29  2:41  Probe (Chrono Boost)  
  31  2:52  Probe (Chrono Boost)  
  31  2:53  Probe (Chrono Boost)  
  33  3:02  Probe (Chrono Boost)  
  33  3:03  Probe (Chrono Boost)  
  35  3:11  Blink (Chrono Boost)  
  35  3:13  Probe x2 (Chrono Boost)  
  37  3:23  Probe  
  37  3:24  Probe  
  37  3:26  Gateway  
  39  3:27  Gateway  
  39  3:28  Gateway  
  39  3:33  Probe  
  39  3:36  Probe  
  39  3:39  Robotics Facility  
  41  3:44  Probe  
  41  3:46  Pylon  
  42  3:48  Assimilator  
  42  3:50  Probe  
  42  3:55  Probe  
  43  3:57  Pylon  
  43  4:02  Probe  
  45  4:15  Pylon  
  45  4:22  Stalker  
  45  4:23  Stalker x3  
  53  4:26  Pylon  
  53  4:27  Warp Prism (Chrono Boost)  
  55  4:44  Probe  
  56  4:48  Stalker x4  
  64  5:01  Nexus  
  64  5:02  Observer (Chrono Boost)  
  64  5:03  Charge  
  65  5:08  Probe  
  65  5:13  Assimilator  
  65  5:14  Pylon  
  67  5:25  Stalker x4  
  67  5:27  Probe (Chrono Boost)  
  75  5:32  Probe (Chrono Boost)  
  75  5:33  Observer (Chrono Boost)  
  77  5:38  Forge  
  77  5:39  Probe (Chrono Boost)  
  78  5:45  Probe (Chrono Boost)  
  78  5:46  Pylon  
  79  5:50  Probe (Chrono Boost)  
  72  6:02  Probe (Chrono Boost)  
  71  6:10  Stalker x3  
  71  6:11  Stalker, Probe (Chrono Boost)  
  77  6:12  Probe (Chrono Boost)  
  77  6:13  Probe (Chrono Boost)  
  80  6:22  Probe  
  80  6:24  Probe x2  
  83  6:32  Probe  
  83  6:33  Pylon  
  83  6:36  Probe  
  81  6:44  Probe  
  78  6:50  Stalker  
  78  6:51  Stalker x3, Probe  
  78  6:53  Probe  
  86  6:57  Gateway x2, Probe  
  86  6:59  Gateway  
  87  7:02  Gateway  
Show
View Real Time Build Order
Export as new Build Order

Jinn Terran 

Build Orders:  

Get SALT Encoding   

  12  0:01  SCV  
  13  0:13  SCV  
  14  0:17  Supply Depot  
  14  0:25  SCV  
  15  0:31  Refinery  
  15  0:38  SCV  
  16  0:47  Barracks  
  16  0:52  SCV  
  17  1:04  SCV  
  18  1:16  SCV  
  19  1:29  SCV  
  20  1:35  Reaper  
  21  1:41  Orbital Command  
  21  1:49  Command Center  
  21  2:00  Factory  
  21  2:05  Refinery  
  22  2:08  SCV  
  22  2:12  Barracks Reactor  
  22  2:19  Supply Depot  
  22  2:21  SCV  
  23  2:40  SCV  
  24  2:44  Widow Mine, Starport  
  24  2:49  Marine x2  
  28  2:52  SCV  
  29  3:03  Orbital Command  
  29  3:04  SCV  
  30  3:07  Marine x2  
  32  3:14  Factory Tech Lab  
  32  3:16  SCV  
  33  3:24  Marine  
  33  3:25  Marine  
  33  3:26  Viking  
  37  3:29  SCV x2  
  39  3:38  Siege Tank  
  39  3:41  SCV  
  43  3:44  Supply Depot  
  43  3:50  Marine x2  
  43  3:53  SCV  
  46  4:01  Supply Depot  
  46  4:05  Medivac  
  46  4:06  SCV x2  
  46  4:08  Marine x2  
  52  4:12  Supply Depot  
  52  4:18  SCV x2  
  52  4:23  Siege Tank  
  57  4:24  Liberator  
  57  4:28  Supply Depot  
  57  4:30  SCV  
  58  4:34  Marine  
  58  4:35  Marine  
  60  4:40  SCV  
  64  4:46  SCV  
  65  4:56  SCV  
  65  4:58  SCV  
  67  5:01  Siege Tank  
  67  5:04  Bunker  
  70  5:08  SCV  
  70  5:11  Marine x2  
  70  5:12  SCV  
  70  5:13  Supply Depot  
  74  5:21  SCV  
  74  5:24  SCV  
  75  5:33  SCV  
  76  5:36  SCV  
  76  5:41  Refinery  
  77  5:43  Refinery  
  77  5:46  SCV, Command Center  
  69  5:57  Liberator  
  69  5:58  Marine x2, SCV x2  
  63  6:08  Siege Tank  
  63  6:10  SCV x2  
  66  6:22  SCV  
  66  6:25  Command Center  
  64  6:37  SCV x2, Marine x2  
  56  6:49  SCV  
  56  6:50  SCV  
Tags
 
Add a new tag
Caveats
  • Supply blocks, unpowered buildings, or Contaminate may cause inaccurate times.
  • Supply counts are checked every 10 seconds.